 Dungeon Crawl Stone Soup version 0.28-a0-1510-gd0f6b136d3 (webtiles) character file.

Game seed: 7083041995592838381

144 Armakuni the Shield-Bearer (level 5, 0/33 HPs)
             Began as a Deep Elf Fighter on Jan 15, 2022.
             Slain by a gnoll (8 damage)
             ... on level 3 of the Dungeon.
             The game lasted 00:04:52 (3312 turns).

Armakuni the Shield-Bearer (Deep Elf Fighter)       Turns: 3312, Time: 00:04:53

Health: 0/33       AC:  4    Str: 15    XL:     5   Next: 5%
Magic:  7/7        EV: 10    Int: 13    God:
Gold:   136        SH:  5    Dex: 14    Spells: 4/4 levels left

rFire   . . .      SeeInvis .   a - +0 flail
rCold   . . .      Faith    .   c - +0 buckler
rNeg    . . .      Spirit   .   j - +0 leather armour
rPois   .          Reflect  .   (no helmet)
rElec   .          Harm     .   (no cloak)
rCorr   .          Rampage  .   k - +0 pair of gloves
Will    .....                   (no boots)
Stlth   +.........              (no amulet)
HPRegen 0.11/turn               (no ring)
MPRegen 0.10/turn               (no ring)

@: no status effects
A: no striking features
a: no special abilities


You were on level 3 of the Dungeon.
You visited 1 branch of the dungeon, and saw 3 of its levels.

You collected 136 gold pieces.

Inventory:

Hand Weapons
 a - a +0 flail (weapon)
 h - a +0 hunting sling
Missiles
 b - 4 javelins (quivered)
 g - 33 sling bullets
Armour
 c - a +0 buckler (worn)
 i - a +1 chain mail of poison resistance
 j - a +0 leather armour (worn)
 k - a +0 pair of gloves (worn)
Scrolls
 e - a scroll of identify
 f - a scroll of enchant weapon
Potions
 d - 2 potions of might
 m - a potion of heal wounds


   Skills:
 + Level 3.7 Fighting
 - Level 1.3 Maces & Flails
 - Level 2.4 Armour
 + Level 3.8 Shields


You had 4 spell levels left.
You didn't know any spells.
Your spell library was empty.

Dungeon Overview and Level Annotations

Branches:
Dungeon (3/15)

Altars:
Wu Jian


Message History

A gnoll comes into view. It is wielding a +0 club.
You see here a hobgoblin corpse. 2 gnolls come into view.
The gnoll shouts!
The gnoll moves out of view.
You see here a hobgoblin corpse.
You hit the gnoll.
The gnoll is moderately wounded.
The gnoll hits you with a +0 club.
You barely miss the gnoll.
The gnoll is moderately wounded.
The gnoll barely misses you. You block the gnoll's attack.
You hit the gnoll.
The gnoll is severely wounded.
The gnoll closely misses you.
You hit the gnoll.
You kill the gnoll!
You barely miss the gnoll. You block the gnoll's attack.
You sock the gnoll!
The gnoll is severely wounded.
The gnoll hits you with a +0 club. The gnoll hits you with a +0 club!
You hit the gnoll but do no damage.
The gnoll is severely wounded.
The gnoll hits you with a +0 club.
You sock the gnoll!
You kill the gnoll!
You have reached level 5!
You see here an adder skeleton.
There is an escape hatch in the ceiling here.
You start resting.
A gnoll is nearby!
The gnoll shouts!
You start resting.
A gnoll is nearby!
The gnoll hits you from afar with a +0 halberd!
The gnoll hits you with a +0 halberd!
* * * LOW HITPOINT WARNING * * *
You hit the gnoll but do no damage. The gnoll barely misses you.
The gnoll hits you with a +0 halberd!
You die...

#######......#.#
#.#.#.#.##### #
###.#..#.#
#.#.##...รท..### #
#.#..#.#
#.#............
#.####.#
#.####......### ###
#......# #.#
##......). #####.#
###########.#
######### ......#
#.........# #####.#
#.##...####.####
#####.#
#.##..@.........
......#
#(##..g.###.####
####### #.##....#
#.##....# #.##....#
#.##....###
###.##......#
#........##.#######
#........##........


You could see a gnoll.

Vanquished Creatures
  Jessica (D:2)
  Terence (D:2)
  3 adders
  2 gnolls (D:3)
  5 orcs (D:3)
  3 ball pythons
  4 endoplasms
  4 goblins
  5 hobgoblins
  3 bats (D:1)
  3 frilled lizards
  5 kobolds
  6 rats
45 creatures vanquished.

Notes
Turn   | Place    | Note
-------+----------+-------------------------------------------
     0 | D:1      | Armakuni the Deep Elf Fighter began the quest for the Orb.
     0 | D:1      | Reached XP level 1. HP: 13/13 MP: 3/3
   193 | D:1      | Found a faded altar of an unknown god.
   432 | D:1      | Reached XP level 2. HP: 18/18 MP: 4/4
  1198 | D:2      | Found an ornate altar of the Wu Jian Council.
  1299 | D:2      | Noticed Terence
  1651 | D:2      | Reached XP level 3. HP: 12/23 MP: 5/5
  1872 | D:2      | Killed Terence
  2260 | D:2      | Noticed Jessica
  2269 | D:2      | Killed Jessica
  2270 | D:2      | Reached XP level 4. HP: 22/28 MP: 6/6
  3137 | D:3      | Reached XP level 5. HP: 11/33 MP: 7/7
  3312 | D:3      | Slain by a gnoll

Illustrated notes

Levels and vault maps discovered:
D:1:      sevenhm_arrival_forest_fort_large_2, layout_rooms,
          ebering_ecumenical_altar_sacrificial, minmay_octomino_c4
D:2:      layout_rooms, basic_altar, uniq_jessica, uniq_terence
D:3:      layout_basic, solitary_fountain, minmay_misc_feat_chi

Skill      XL: |  1  2 |
---------------+-------+-----
Shields        | 3 |  3.8
Fighting       | 3 |  3.7
Maces & Flails | |  1.3
Armour         | |  2.4

Action                   |  1- 3 |  4- 6 || total
-------------------------+-------+-------++-------
Melee: Flail             |    98 |    38 ||   136
Throw: Javelin           |       |     4 ||     4
  Use: Scroll            |     3 |     3 ||     6
       Potion            |     1 |     1 ||     2
 Stab: Sleeping          |     1 |       ||     1
Armor: Scale mail        |    23 |       ||    23
       Leather armour    |    12 |    12 ||    24
Dodge: Dodged            |    56 |    19 ||    75
Block: Buckler           |    23 |     7 ||    30

Table legend: (Time is in decaauts)
 A = Elapsed time spent in this place.
 B = Non-inter-level travel time spent in this place.
 C = Inter-level travel time spent in this place.
 D = Time resting spent in this place.
 E = Time spent auto-exploring this place.
 F = Levels seen in this place.
 G = Mean time per level.
                   A        B        C        D        E       F      G
               +--------+--------+--------+--------+--------+-----+--------+
         Total |   3382 |   3230 |    152 |   1020 |   1642 |   3 | 1127.3 |
       Dungeon |   3382 |   3230 |    152 |   1020 |   1642 |   3 | 1127.3 |
               +--------+--------+--------+--------+--------+-----+--------+

Top non-repeatable levels by time:
     D:1: 1392 daAuts
     D:2: 1201 daAuts
     D:3: 788 daAuts
